 Dungeon Crawl Stone Soup version 0.28.0 (webtiles) character file.

Game seed: 5115273290617570851

7148 AmazingTV the Slinger (level 10, -3/52 (55) HPs)
             Began as a Spriggan Brigand on June 28, 2022.
             Was a Follower of Trog.
             Succumbed to Nessos's poison
             ... on level 11 of the Dungeon.
             The game lasted 00:32:28 (10009 turns).

AmazingTV the Slinger (Spriggan Brigand)           Turns: 10009, Time: 00:32:29

HP:   -3/52 (55)    AC:  6    Str: 13    XL:     10   Next: 86%
MP:   11/11         EV: 21    Int: 13    God:    Trog [*.....]
Gold: 415           SH:  0    Dex: 21    Spells: 9/9 levels left

rFire   + . .      SeeInvis +   a - +2 dagger (speed)
rCold   . . .      Faith    .   (no shield)
rNeg    . . .      Spirit   .   P - +1 robe {rF+}
rPois   .          Reflect  .   (helmet restricted)
rElec   .          Harm     .   K - +2 cloak
rCorr   .          Rampage  .   (gloves unavailable)
Will    +....                   (boots unavailable)
Stlth   ++++......              D - amulet of the acrobat
HPRegen 0.17/turn               E - +6 ring of strength
MPRegen 0.12/turn               (no ring)

@: lethally poisoned (-3 -> -33), drained, very quick
A: very small, no large weapons, unfitting armour, see invisible, speed 3
a: Renounce Religion, Berserk


You were on level 11 of the Dungeon.
You worshipped Trog.
Trog was aware of your devotion.
You visited 2 branches of the dungeon, and saw 13 of its levels.

You collected 415 gold pieces.

Inventory:

Hand Weapons
 a - a +2 dagger of speed (weapon)
 b - the +9 hunting sling of Evisceration {speed, rElec rPois Int-4}
   (You found it on level 3 of the Dungeon)

   Attacks with this weapon are significantly faster.
   Int:       It affects your intelligence (-4).
   rElec:     It insulates you from electricity.
   rPois:     It protects you from poison.
 c - a +3 vorpal mace
 y - a +2 dagger
 I - a +3 antimagic flail
 O - a +1 dagger of holy wrath
 S - a +3 dagger of draining
Missiles
 d - 11 poisoned darts (quivered)
 e - 5 curare-tipped darts
 f - 17 stones
 h - 148 arrows
 i - 51 bolts
 s - 53 sling bullets
 G - 5 datura-tipped darts
Armour
 x - a +0 troll leather armour
 K - a +2 cloak (worn)
 P - a +1 robe of fire resistance (worn)
Jewellery
 v - a ring of fire
 C - a ring of ice
 D - an amulet of the acrobat (around neck)
 E - a +6 ring of strength (left hand)
 Q - a ring of magical power
Wands
 z - a wand of iceblast (12)
 A - a wand of polymorph (10)
 M - a wand of flame (28)
Scrolls
 g - 2 scrolls of noise {unknown}
 j - 12 scrolls of identify {unknown}
 n - 3 scrolls of teleportation {unknown}
 p - a scroll of enchant weapon {unknown}
 q - 3 scrolls of summoning {unknown}
 t - a scroll of silence {unknown}
 u - a scroll of fog {unknown}
 w - 3 scrolls of enchant armour {unknown}
 F - a scroll of vulnerability {unknown}
 J - a scroll of amnesia {unknown}
 L - a scroll of blinking {unknown}
 N - a scroll of magic mapping {unknown}
 R - 3 scrolls of holy word {unknown}
 T - a scroll of immolation {unknown}
 U - a scroll of fear {unknown}
 V - a scroll of torment {unknown}
Potions
 k - 2 potions of heal wounds
 l - 5 potions of curing {unknown}
 m - 6 potions of brilliance {unknown}
 o - a potion of attraction {unknown}
 B - a potion of might {unknown}


   Skills:
 + Level 7.2 Fighting
 + Level 9.4 Short Blades
 - Level 12.0(12.2) Slings
 - Level 2.0(6.7) Throwing
 + Level 5.8 Dodging
 + Level 9.1 Stealth


You had 9 spell levels left.
You didn't know any spells.
Your spell library contained the following spells:

 Spells                   Type           Power      Damage    Failure   Level
 Beastly Appendage        Tmut           0%         N/A       30%         1
 Sandblast                Erth           0%         2d4       30%         1
 Ensorcelled Hibernation  Hex/Ice        0%         N/A       43%         2
 Passwall                 Tmut/Erth      0%         N/A       43%         2
 Wereblood                Tmut           0%         N/A       43%         2
 Ozocubu's Armour         Ice            0%         N/A       67%         3
 Spider Form              Tmut/Pois      0%         N/A       67%         3
 Stone Arrow              Conj/Erth      0%         3d7       67%         3
 Swiftness                Air            0%         N/A       67%         3
 Tukima's Dance           Hex            0%         N/A       67%         3
 Passage of Golubria      Tloc           0%         N/A       97%         4
 Metabolic Englaciation   Hex/Ice        0%         N/A       100%        5
 Yara's Violent Unravell  Hex/Tmut       0%         3d3       100%        5
 Simulacrum               Ice/Necr       0%         N/A       100%        6


Dungeon Overview and Level Annotations

Branches:
Dungeon (12/15)            Temple (1/1) D:7             Orc (0/2) D:12
   Lair: D:8-11

Altars:
Ashenzari
Cheibriados
Dithmenos
Elyvilon
Fedhas
Gozag
Hepliaklqana
Kikubaaqudgha
Makhleb
Nemelex Xobeh
Okawaru
Qazlal
Ru
Sif Muna
Trog
Uskayaw
Vehumet
Wu Jian
Xom
Yredelemnul
The Shining One

Shops:
D:10 *

Annotations:
D:9 2 transporters, Nurvuk's ghost, novice OpBr
D:11 Josephine
D:12 Nessos


Innate Abilities, Weirdness & Mutations

You are very small and have problems with some larger weapons.
You are too small for most types of armour.
You have supernaturally acute eyesight. (SInv)
You cover ground extremely quickly. (Speed+++)


Message History

You see here 15 stones.
A gargoyle comes into view. It is wielding a +0 mace.
A six-headed hydra comes into view.
Nessos shouts!
The six-headed hydra roars!
The gargoyle hurls a stone arrow at you.
The stone arrow misses you.
Nessos gestures wildly while chanting.
Nessos seems to speed up.
Nessos wields a +3 longbow of flaming.
It bursts into flame!
Nessos shoots an arrow.
The arrow closely misses you.
Nessos shouts, "I'm half human!
Half horse!
And all stone-cold KILLER!"
Nessos gestures wildly while chanting.
Nessos blinks!
Nessos casts a spell.
Nessos blinks!
Your hands tingle!
a - a +2 dagger of speed (weapon)
Nessos shoots an arrow.
The arrow completely misses you.
Nessos shoots an arrow.
The arrow completely misses you.
Nessos shoots an arrow.
The arrow hits you!!
Ouch! That really hurt!
The arrow burns you.
You are lethally poisoned!
Nessos casts a spell.
Nessos blinks!
You feel very sick.
Nessos shoots an arrow.
The arrow completely misses you.
There is a stone staircase leading up here.
* * * LOW HITPOINT WARNING * * *
You feel very sick.
Nessos shoots an arrow.
The arrow hits you!
* * * LOW HITPOINT WARNING * * *
The arrow burns you.
You are more poisoned.
* * * LOW HITPOINT WARNING * * *
Nessos gestures wildly while chanting.
Nessos blinks!
You climb upwards.
Level annotation: Josephine You die...

.##..................#
....................#
....................#
................#...#
..........###...# .##
...........##.### #
...#.......####
#.......####
#..#[....@.#
####.##....#
#....#.#..#
###.####### #<# ###


There were no monsters in sight!

Vanquished Creatures
  A two-headed ogre (D:10)
  Urug (D:11)
  4 centaur zombies
  A gargoyle (D:9)
  4 trolls
  Grinder (D:4)
  Prince Ribbit (D:5)
  A flying skull (D:11)
  4 yaks (D:10)
  A steam dragon (D:7)
  Edmund (D:5)
  An acid dragon (D:12)
  3 ice beasts
  3 orc warriors
  An ogre (D:5)
  2 necrophages (D:7)
  5 centaurs
  A bullfrog (D:8)
  A scorpion (D:6)
  3 wyvern zombies
  2 wights (D:7)
  4 howler monkeys (D:10)
  2 bullfrog zombies (D:7)
  3 hounds
  A human zombie (D:7)
  2 centaur skeletons
  5 orc priests
  Crazy Yiuf (D:7)
  2 bullfrog skeletons
  3 orc wizards
  Ijyb (D:3)
  2 iguanas
  2 killer bee zombies (D:7)
  A mummy (D:7)
  2 howler monkey skeletons
  4 gnolls (D:5)
  A howler monkey zombie (D:5)
  8 adders
  A white imp (D:7)
  An ufetubus (D:5)
  3 worms
  2 dart slugs (D:3)
  37 orcs
  3 endoplasms
  2 giant cockroaches
  5 goblins
  3 hobgoblins
  8 jackals (D:1)
  6 kobolds
  A quokka (D:5)
  6 ball pythons
  4 bats
  4 frilled lizards
  6 rats
178 creatures vanquished.

Vanquished Creatures (others)
  A plant (D:2)
1 creature vanquished.

Grand Total: 179 creatures vanquished

Notes
Turn   | Place    | Note
-------+----------+-------------------------------------------
     0 | D:1      | AmazingTV the Spriggan Brigand began the quest for the Orb.
     0 | D:1      | Reached XP level 1. HP: 10/10 MP: 2/2
   439 | D:1      | Reached XP level 2. HP: 15/15 MP: 3/3
   614 | D:1      | Reached skill level 1 in Slings
   740 | D:1      | Found a faded altar of an unknown god.
  1158 | D:1      | Reached XP level 3. HP: 18/18 MP: 4/4
  2202 | D:3      | Identified the +9 hunting sling of Evisceration {speed,
                  | rElec rPois Int-4}
  2214 | D:3      | Reached XP level 4. HP: 23/23 MP: 5/5
  2380 | D:3      | Reached skill level 2 in Slings
  2384 | D:3      | Noticed Ijyb
  2403 | D:3      | Killed Ijyb
  3143 | D:4      | Reached skill level 3 in Slings
  3149 | D:4      | Reached XP level 5. HP: 18/27 MP: 6/6
  3291 | D:4      | Found a burning altar of Makhleb.
  3412 | D:4      | Noticed Grinder
  3439 | D:4      | Killed Grinder
  3440 | D:4      | Reached skill level 4 in Slings
  3440 | D:4      | Reached XP level 6. HP: 32/32 MP: 7/7
  3552 | D:4      | Reached skill level 5 in Slings
  3784 | D:5      | Entered Level 5 of the Dungeon
  3829 | D:5      | Noticed Prince Ribbit
  3858 | D:5      | Killed Prince Ribbit
  3859 | D:5      | Reached skill level 6 in Slings
  3859 | D:5      | Reached XP level 7. HP: 36/36 MP: 8/8
  4061 | D:5      | Found a shadowy altar of Dithmenos.
  4063 | D:5      | Noticed Edmund
  4097 | D:5      | Killed Edmund
  4121 | D:5      | Reached skill level 5 in Short Blades
  4681 | D:5      | Reached skill level 7 in Slings
  4940 | D:6      | Reached XP level 8. HP: 42/42 MP: 9/9
  5238 | D:6      | Reached skill level 8 in Slings
  5248 | D:6      | Found an opulent altar of Gozag.
  5251 | D:6      | You fall into a shaft and drop 1 floor!
  5740 | D:7      | Found a runed translucent door.
  5741 | D:7      | Noticed Crazy Yiuf
  5760 | D:7      | Killed Crazy Yiuf
  5888 | D:7      | Reached skill level 9 in Slings
  5969 | D:7      | Noticed a troll
  5973 | D:7      | Killed a troll
  5974 | D:7      | Reached skill level 5 in Fighting
  5974 | D:7      | Reached XP level 9. HP: 47/47 MP: 10/10
  6028 | D:7      | Reached skill level 10 in Slings
  6251 | D:7      | Found a staircase to the Ecumenical Temple.
  6261 | Temple   | Entered the Ecumenical Temple
  6267 | Temple   | Became a worshipper of Trog the Wrathful
  6388 | D:7      | Found an ancient bone altar of Kikubaaqudgha.
  6603 | D:8      | Reached skill level 11 in Slings
  6653 | D:8      | Found a hazy altar of Hepliaklqana.
  6755 | D:8      | Identified the +0 robe of Dicheamair {Contam Harm rElec
                  | rPois}
  7146 | D:9      | Noticed a troll
  7152 | D:9      | Killed a troll
  7167 | D:9      | Noticed a troll
  7174 | D:9      | Killed a troll
  7175 | D:9      | Reached XP level 10. HP: 45/53 MP: 11/11
  7254 | D:9      | Reached * piety under Trog
  7259 | D:9      | Noticed a gargoyle
  7278 | D:9      | Killed a gargoyle
  7279 | D:9      | Reached skill level 12 in Slings
  7338 | D:9      | Found a transporter.
  7341 | D:9      | Found a transporter.
  7388 | D:9      | Noticed a deep elf pyromancer
  7424 | D:9      | Noticed Nurvuk's ghost (novice OpBr)
  7481 | D:9      | Found a broken altar of Ashenzari.
  7761 | D:10     | Entered Level 10 of the Dungeon
  7798 | D:10     | Found Ossius's CLEARANCE SALE!.
  8169 | D:10     | Noticed a two-headed ogre
  8179 | D:10     | Killed a two-headed ogre
  8658 | D:11     | Noticed Urug
  8927 | D:10     | Reached skill level 5 in Dodging
  9174 | D:11     | Killed Urug
  9676 | D:11     | Noticed Josephine
  9696 | D:12     | Noticed Nessos
  9696 | D:12     | Noticed a two-headed ogre
  9883 | D:12     | Noticed a gargoyle
  9915 | D:12     | Noticed a gargoyle
  9931 | D:12     | Found a staircase to the Orcish Mines.
  9980 | D:12     | Noticed a gargoyle
  9986 | D:12     | Noticed a gargoyle
  9987 | D:12     | Noticed a six-headed hydra
 10009 | D:11     | Succumbed to Nessos's poison

Illustrated notes

Levels and vault maps discovered:
D:1:      tarquinn_simple_flora_water_b, layout_basic, basic_ecumenical_altar,
          serial_park_tiny_1, dk_noncrumbling_4
D:2:      layout_loops_ring, serial_bayou, serial_bayou_lagoon_a,
          serial_bayou_shore_a, serial_bayou_lagoon_b, serial_bayou_shore_b
D:3:      layout_loops_ring, wad_floor_pattern_2,
          chequers_serial_rivers_large_a, uniq_ijyb
D:4:      layout_cave_pools, lightli_temple_of_fire, uniq_grinder
D:5:      layout_loops_cross, nicolae_overflow_crystal_walls, uniq_edmund,
          uniq_prince_ribbit1
D:6:      layout_basic, zin_angel, nicolae_gozag_cash_rules_everything_around_me
D:7:      layout_loops_ring, lemuel_mausoleum_altar_kikubaaqudgha,
          minmay_temple_entry_offerings, uniq_crazy_yiuf_cottage
D:8:      layout_basic, overflow_temple_1_default
D:9:      layout_cave_pools, nicolae_ashenzari_skybound, nzn_ghost_randoct
D:10:     layout_basic, nicolae_shop_clearance
D:11:     hangedman_screamer, layout_cave_pools, david_lair_shrubbed, uniq_urug,
          uniq_harold, uniq_nergalle
D:12:     layout_loops_ring, david_orc_2, uniq_nessos
Temple:   nicolae_temple_no_exploring_needed

Skill      XL: |  1  2  3  4  5  6  7  8  9 10 |
---------------+-------------------------------+-----
Stealth        | 6 9 |  9.1
Slings         | 1 3 4 6 7 9 11 12 | 12.0
Dodging        | 2 5 |  5.8
Fighting       | 2 3 4 5 6 7 |  7.2
Short Blades   | 3 4 5 6 8 9 |  9.4
Throwing       | |  2.0

Action                   |  1- 3 |  4- 6 |  7- 9 | 10-12 || total
-------------------------+-------+-------+-------+-------++-------
Melee: Dagger            |   102 |    14 |   104 |     7 ||   227
       Punch             |     2 |     1 |     2 |       ||     5
 Fire: Hunting sling     |     3 |    87 |   223 |   197 ||   510
Throw: Dart              |     5 |     6 |    11 |     1 ||    23
  Use: Potion            |       |       |       |     3 ||     3
 Stab: Sleeping          |    10 |       |    11 |     1 ||    22
       Distracted        |     1 |       |       |       ||     1
Armor: Robe              |    14 |     1 |    10 |     1 ||    26
Dodge: Dodged            |    68 |     4 |    75 |    31 ||   178
